 Dungeon Crawl Stone Soup version 0.23-a0-143-g1adec7b (webtiles) character file.

1954 corax the Basher (level 8, -2/96 HPs)
             Began as a Demonspawn Berserker on Sept 4, 2018.
             Was an Elder of Trog.
             Slain by a wight
             ... wielding a +4 mace
              (4 damage)
             ... on level 6 of the Dungeon.
             The game lasted 00:14:51 (4494 turns).

corax the Basher (Demonspawn Berserker)             Turns: 4494, Time: 00:14:51

Health: -2/96      AC: 22    Str: 23    XL:     8   Next: 99%
Magic:  17/17      EV: 13    Int: 10    God:    Trog [****..]
Gold:   248        SH:  0    Dex: 13    Spells: 7/7 levels left

rFire    + . .     SeeInvis .   a - +2 flail (protect)
rCold    . . .     Gourm    .   (no shield)
rNeg     . . .     Faith    .   s - +3 leather armour
rPois    .         Spirit   .   (no helmet)
rElec    .         Reflect  .   (no cloak)
rCorr    .         Harm     .   (no gloves)
MR       .....                  (no boots)
Stlth    ..........             (no amulet)
HPRegen  0.26/turn              o - ring of magical power
MPRegen  0.15/turn              t - ring of protection from fire

@: berserking, sanguine armour, protection aura, heavily drained, very quick
A: hooves 2, sanguine armour 2
a: Berserk, Trog's Hand, Brothers in Arms, Renounce Religion


You were on level 6 of the Dungeon.
You worshipped Trog.
Trog was greatly pleased with you.
You were very hungry.

You visited 1 branch of the dungeon, and saw 6 of its levels.

You collected 248 gold pieces.

Inventory:

Hand Weapons
 a - a +2 flail of protection (weapon)
Armour
 s - a +3 leather armour (worn)
Jewellery
 o - a ring of magical power (left hand)
 t - a ring of protection from fire (right hand)
Wands
 r - a wand of paralysis (13)
 u - a wand of digging (9)
Scrolls
 b - 2 scrolls of identify
 d - a scroll of magic mapping {unknown}
 e - a scroll of remove curse
 g - 2 scrolls of teleportation {unknown}
 i - 2 scrolls of enchant armour {unknown}
 k - 2 scrolls of amnesia {unknown}
 m - 2 scrolls of immolation {unknown}
 n - a scroll of fear {unknown}
 q - a scroll of enchant weapon {unknown}
Potions
 f - a potion of magic {unknown}
 h - a potion of lignification {unknown}
 j - a potion of invisibility {unknown}
 l - 2 potions of curing
 p - a potion of flight
 v - a potion of haste {unknown}
 x - a potion of agility {unknown}
Comestibles
 c - 21 rations
 w - 2 chunks of flesh


   Skills:
 + Level 6.3(4.9) Fighting
 + Level 8.1(6.6) Maces & Flails
 + Level 2.7(1.5) Armour
 + Level 4.2(2.9) Dodging
 + Level 3.4(2.1) Stealth
 + Level 0.1(0.0) Evocations


You had 7 spell levels left.
You didn't know any spells.
Your spell library was empty.

Dungeon Overview and Level Annotations

Branches:
Dungeon (6/15)             Temple (0/1) D:5

Altars:
Elyvilon
Hepliaklqana
Makhleb
Okawaru
Qazlal
Trog
Uskayaw
Vehumet
Xom
Yredelemnul

Shops:
D:5 (

Annotations:
D:4 2 runed doors


Innate Abilities, Weirdness & Mutations

You have hoof-like feet.
When seriously injured, your bleeding wounds create thick armour. (AC +9)


Message History

A red film seems to cover your vision as you go berserk!
You feel yourself moving faster!
You feel mighty!
You are feeling very hungry.
The wight hits you but does no damage. The wight misses you.
The wight closely misses you.
You bludgeon the wight!!
You destroy the wight!
Trog accepts your kill.
The wight hits you but does no damage. x2
You hit the wight.
The wight is lightly damaged.
The wight hits you but does no damage.
You barely miss the wight. Your kick misses the wight.
The wight is lightly damaged.
The wight hits you but does no damage.
You hit the wight. Your kick misses the wight.
The wight is heavily damaged.
The wight hits you but does no damage.
The wight hits you with an enchanted mace.
You die...

............. ............
#.........#
#.........################
#.....)>................(.
#.........................
#.........###############)
##..z#### #. #..)@..# #.
#...#z### ## ###.......# #
#)........# # #....#....#
#....#....# ###
#....#....# #..
#....#....# #.###..
#.........## #...'..


You could see 2 wights.

Vanquished Creatures
  A hippogriff (D:4)
  2 ice beasts
  3 phantoms
  3 ogres
  3 bullfrogs (D:6)
  2 scorpions
  3 wights (D:6)
  2 howler monkeys
  3 hounds (D:6)
  2 iguanas
  A centaur skeleton (D:4)
  Terence (D:2)
  2 orc wizards
  2 worker ants (D:4)
  A hound zombie (D:5)
  Robin (D:3)
  A worker ant zombie (D:5)
  8 adders
  A howler monkey skeleton (D:5)
  7 gnolls
  A shadow imp (D:6)
  2 adder skeletons
  An adder zombie (D:5)
  2 worms
  A dart slug (D:1)
  3 leopard geckos
  6 orcs
  2 giant cockroaches
  17 goblins
  7 hobgoblins
  4 jackals (D:5)
  2 kobolds
  4 quokkas
  2 ball pythons
  3 bats
  9 frilled lizards
  A quokka skeleton (D:5)
  5 rats
121 creatures vanquished.

Notes
Turn   | Place    | Note
-------+----------+-------------------------------------------
     0 | D:1      | corax the Demonspawn Berserker began the quest for the Orb.
     0 | D:1      | Reached XP level 1. HP: 18/18 MP: 1/1
   129 | D:1      | Gained mutation: When seriously injured, your bleeding
                  | wounds create armour. (AC +9) [demonic ancestry]
   129 | D:1      | Reached XP level 2. HP: 19/24 MP: 2/2
   303 | D:1      | Reached skill level 3 in Maces & Flails
   801 | D:2      | Reached XP level 3. HP: 16/29 MP: 3/3
  1229 | D:2      | Reached ** piety under Trog
  1258 | D:2      | Noticed Terence
  1276 | D:2      | Killed Terence
  1276 | D:2      | Reached XP level 4. HP: 21/37 MP: 4/4
  1492 | D:2      | Found a shimmering altar of Xom.
  1492 | D:2      | Found a burning altar of Makhleb.
  1774 | D:3      | Noticed Robin
  1806 | D:3      | Killed Robin
  1806 | D:3      | Reached skill level 4 in Maces & Flails
  1891 | D:3      | Found a hazy altar of Hepliaklqana.
  1929 | D:3      | Found a faded altar of an unknown god.
  2010 | D:3      | Reached XP level 5. HP: 34/42 MP: 5/5
  2019 | D:3      | Found a radiant altar of Vehumet.
  2137 | D:3      | Found a white marble altar of Elyvilon.
  2209 | D:3      | Found a basalt altar of Yredelemnul.
  2316 | D:4      | Noticed an ogre
  2324 | D:4      | Killed an ogre
  2332 | D:4      | Found a large runed door.
  2332 | D:4      | Found a large runed door.
  2371 | D:4      | Noticed an ogre
  2380 | D:4      | Killed an ogre
  2380 | D:4      | Reached skill level 1 in Stealth
  2380 | D:4      | Gained mutation: You have large cloven feet. [demonic
                  | ancestry]
  2380 | D:4      | Reached XP level 6. HP: 29/49 MP: 6/6
  2411 | D:4      | Reached skill level 5 in Maces & Flails
  2715 | D:4      | Found a large runed door.
  2716 | D:4      | Found a large runed door.
  2750 | D:4      | Reached *** piety under Trog
  2841 | D:4      | Gained mutation: You have hoof-like feet. [demonic
                  | ancestry]
  2841 | D:4      | Reached XP level 7. HP: 34/55 MP: 7/7
  2871 | D:4      | Noticed a hippogriff
  2883 | D:4      | Killed a hippogriff
  2883 | D:4      | Reached skill level 6 in Maces & Flails
  3045 | D:4      | Reached skill level 5 in Fighting
  3100 | D:5      | Entered Level 5 of the Dungeon
  3169 | D:5      | Gained mutation: When seriously injured, your bleeding
                  | wounds create thick armour. (AC +9) [demonic ancestry]
  3169 | D:5      | Reached XP level 8. HP: 51/63 MP: 8/8
  3339 | D:5      | Found Linezun's Weapon Shoppe.
  3577 | D:5      | Found a staircase to the Ecumenical Temple.
  3612 | D:5      | Found a hide-covered altar of Uskayaw.
  3614 | D:5      | Found a stormy altar of Qazlal.
  3614 | D:5      | Found a shimmering altar of Xom.
  3616 | D:5      | Found an iron altar of Okawaru.
  3616 | D:5      | Found a bloodstained altar of Trog.
  3616 | D:5      | Found a shimmering altar of Xom.
  3622 | D:5      | Reached skill level 7 in Maces & Flails
  3899 | D:6      | Reached **** piety under Trog
  4372 | D:6      | Found a hide-covered altar of Uskayaw.
  4476 | D:6      | Reached skill level 8 in Maces & Flails
  4489 | D:6      | HP: 2/64 [wight/enchanted halberd (11)]
  4494 | D:6      | Slain by a wight

Vault maps used:
D:1:      dpeg_arrival_rhombi
D:2:      gammafunk_temple_overflow_pools, first_ration, uniq_terence
D:3:      kennysheep_ying_yang, lemuel_crystal_altar, old_standard_altar,
          chequers_ecumenical_altar_twisty, uniq_robin
D:4:      minmay_hollow_rounded_squares
D:5:      temple_doors_ab, serial_shops, shop, doesnt_xom_only_xom
D:6:      eat_drink_and_be_merry_uskayaw, kennysheep_generic_room_10

Skill      XL: |  1  2  3  4  5  6  7  8 |
---------------+-------------------------+-----
Maces & Flails | 3 4 5 6 8 |  8.1
Dodging        | 2 3 4 |  4.2
Fighting       | 4 5 6 |  6.3
Stealth        | 1 2 3 |  3.4
Armour         | 2 |  2.7
Evocations     | |  0.1

Action                   |  1- 3 |  4- 6 |  7- 9 || total
-------------------------+-------+-------+-------++-------
Melee: Mace              |    86 |       |       ||    86
       Flail             |       |   144 |   194 ||   338
       Kick              |       |    14 |    51 ||    65
Invok: Berserk           |     1 |       |     2 ||     3
Evoke: Wand              |       |     1 |       ||     1
  Use: Scroll            |       |       |     4 ||     4
 Stab: Distracted        |       |     1 |       ||     1
       Sleeping          |       |     2 |     2 ||     4
  Eat: Chunk             |     1 |     6 |     6 ||    13
Armor: Animal skin       |    19 |    42 |       ||    61
       Leather armour    |       |       |    84 ||    84
Dodge: Dodged            |    60 |   117 |   131 ||   308

Table legend:
 A = Non-vault XP
 B = Vault XP
 C = Vault XP percentage of total XP
 D = Non-vault monster count
 E = Vault monster count
 F = Vault count percentage of total count
                 A         B        C        D         E       F
            +---------+---------+-------+---------+---------+-------
      Total |    2026 |     766 |  27.4 |      96 |      25 |  20.7
            +---------+---------+-------+---------+---------+-------
        D:1 |      19 |       0 |   0.0 |      11 |       0 |   0.0
        D:2 |      62 |      36 |  36.7 |      15 |       1 |   6.2
        D:3 |      50 |      39 |  43.8 |      13 |      13 |  50.0
        D:4 |     462 |     642 |  58.2 |      15 |      10 |  40.0
        D:5 |     544 |       0 |   0.0 |      25 |       0 |   0.0
        D:6 |     889 |      49 |   5.2 |      17 |       1 |   5.6
            +---------+---------+-------+---------+---------+-------
